 Dungeon Crawl Stone Soup version 0.17.0-22-g5edae84 (console) character file.

186 gw the Chopper (level 5, 50/50 HPs)
             Began as a Deep Dwarf Berserker on Nov 12, 2015.
             Was a Believer of Trog.
             Quit the game on level 3 of the Dungeon.
             The game lasted 00:04:57 (2493 turns).

gw the Chopper (Deep Dwarf Berserker)               Turns: 2493, Time: 00:04:57

Health: 50/50      AC:  9    Str: 20    XL:     5   Next: 38%
Magic:  5/5        EV:  8    Int:  8    God:    Trog [**....]
Gold:   128        SH:  0    Dex: 13    Spells: 0 memorised, 4 levels left

rFire  . . .     SeeInvis .     a - +0 battleaxe (vamp)
rCold  . . .     Clarity  .     f - +0 chain mail
rNeg   . . .     SustAt   .     (shield currently unavailable)
rPois  .         Gourm    .     (no helmet)
rElec  .         Spirit   .     (no cloak)
rCorr  .         Warding  .     (no gloves)
rMut   .         Stasis   .     (no boots)
MR     .....                    e - amulet of faith
Stlth  ..........               (no ring)
                                (no ring)

@: starving, non-regenerating, not resistant to hostile enchantments, extremely
unstealthy
A: damage resistance, recharge devices, sense surroundings 1, slow regeneration
3
a: Device Recharging, Berserk, Trog's Hand, Burn Spellbooks, Renounce Religion


You were on level 3 of the Dungeon.
You worshipped Trog.
Trog was pleased with you.
You were starving.

You visited 1 branch of the dungeon, and saw 3 of its levels.

You collected 128 gold pieces.

Inventory:

Hand Weapons
 a - a +0 vampiric battleaxe (weapon)
Missiles
 b - 25 bolts
Armour
 f - a +0 chain mail (worn)
Jewellery
 e - an amulet of faith (around neck)
Wands
 c - a wand of heal wounds (4)
Books
 d - a book of Geomancy {forbidden}

   Spells                             Type                      Level
   a - Sandblast                      Earth                        1
   b - Stoneskin                      Transmutation/Earth          2
   c - Passwall                       Transmutation/Earth          3
   d - Stone Arrow                    Conjuration/Earth            3
   e - Petrify                        Transmutation/Earth          4
   f - Lee's Rapid Deconstruction     Earth                        5
   Trog disapproves of the use of such an item.


   Skills:
 + Level 3.6 Fighting
 * Level 5.2 Axes
 + Level 3.6 Armour
 - Level 2.1 Dodging


You had 4 spell levels left.
You didn't know any spells.

Dungeon Overview and Level Annotations

Branches:
Dungeon (3/15)

Altars:


Innate Abilities, Weirdness & Mutations

You are resistant to damage.
You can recharge devices by infusing magical energy.
You passively map a small area around you.
You do not regenerate naturally.


Message History

Unknown command.
Unknown command.
Unknown command.
Unknown command.
Quiver which item? (- for none, * to show all) (? for menu, Esc to quit)
Reset throwing quiver to default.
Unknown command.
Unknown command.
Unknown command.
Quiver which item? (- for none, * to show all) (? for menu, Esc to quit)
Reset throwing quiver to default.
Unknown command.
Unknown command.
Unknown command.
You need to eat something NOW!
Unknown command.
Unknown command.
Unknown command.
Infinite lua loop detected, aborting.
Are you sure you want to abandon this character and quit the game? (Confirm with "yes".)

########################
................g.......
######.#################
# #?# # #.# #.# * * * *
#.# * , *
######.######.#* ** *,
............#.# *
.#####.####.#.# *


There were no monsters in sight!

Table legend:
 A = Turns spent in this place as a percentage of turns spent in the entire game.
 B = Non-inter-level travel turns spent in this place as a percentage of non-inter-level travel turns spent in the entire game.
 C = Inter-level travel turns spent in this place as a percentage of turns spent in this place.
 D = Turns resting spent in this place as a percentage of non-inter-level travel turns spent in this place.
 E = Turns spent auto-exploring this place as a percentage of non-inter-level travel turns spent in this place.
 F = Non-inter-level travel turns spent in this place divided by the number of levels of this place that you've seen.
                   A       B       C       D       E      F
               +-------+-------+-------+-------+-------+----------------------
         Total | 100.0 | 100.0 |   0.1 |   0.0 |   1.4 | 2784.0
       Dungeon | 100.0 | 100.0 |   0.1 |   0.0 |   1.4 | 2784.0
               +-------+-------+-------+-------+-------+----------------------

Table legend:
 A = Kills in this place as a percentage of kills in entire the game.
 B = Kills by you in this place as a percentage of kills by you in the entire game.
 C = Kills by friends in this place as a percentage of kills by friends in the entire game.
 D = Other kills in this place as a percentage of other kills in the entire game.
 E = Experience gained in this place as a percentage of experience gained in the entire game.
 F = Experience gained in this place divided by the number of levels of this place that you have seen.
                   A       B       C       D       E      F
               +-------+-------+-------+-------+-------+----------------------
         Total | 100.0 | 100.0 |  -nan |  -nan | 100.0 |  88.7
       Dungeon | 100.0 | 100.0 |  -nan |  -nan | 100.0 |  88.7
               +-------+-------+-------+-------+-------+----------------------

Vanquished Creatures
  The ghost of flyleaff the Magician, an amateur HEWz of Yredelemnul (D:3)
  A hound skeleton (D:3)
  5 adders
  An ooze (D:2)
  2 worms (D:2)
  4 giant cockroaches
  5 goblins
  2 hobgoblins
  6 jackals
  5 kobolds
  A ball python (D:1)
  11 bats
  3 giant newts (D:1)
  A quokka (D:2)
  7 rats
55 creatures vanquished.

Notes
Turn   | Place    | Note
--------------------------------------------------------------
     0 | D:1      | gw the Deep Dwarf Berserker began the quest for the Orb.
     0 | D:1      | Reached XP level 1. HP: 20/20 MP: 1/1
   225 | D:1      | Reached XP level 2. HP: 14/27 MP: 2/2
   651 | D:1      | Reached ** piety under Trog
  1298 | D:2      | Reached XP level 3. HP: 34/34 MP: 3/3
  1317 | D:2      | Reached skill level 4 in Axes
  1599 | D:2      | Reached XP level 4. HP: 42/42 MP: 4/4
  2358 | D:3      | Noticed flyleaff's ghost (amateur HEWz)
  2387 | D:3      | Killed flyleaff's ghost
  2387 | D:3      | Reached skill level 5 in Axes
  2387 | D:3      | Reached XP level 5. HP: 47/50 MP: 5/5
  2493 | D:3      | Quit the game

Action                   |  1- 3 |  4- 6 || total
-------------------------+-------+-------++-------
Melee: Hand axe          |   168 |       ||   168
       Battleaxe         |    12 |    58 ||    70
Invok: Trog's Hand       |     1 |     3 ||     4
       Berserk           |       |     1 ||     1
Evoke: Wand              |     1 |       ||     1
  Eat: Bread ration      |     2 |       ||     2
       Chunk             |     1 |       ||     1

Vault maps used:
D:1:      co_arrival_random_square_maze
D:3:      led_sif_pool
